 Dungeon Crawl Stone Soup version 0.27-a0-1087-gf39c287674 (webtiles) character file.

Game seed: 10999838148370288370

107 Nixze the Magician (level 4, -2/31 HPs)
             Began as a Djinni Fire Elementalist on Apr 27, 2021.
             Slain by a goblin
             ... wielding a +0 club
             ... led by Robin
              (5 damage)
             ... on level 2 of the Dungeon.
             The game lasted 00:05:33 (2464 turns).

Nixze the Magician (Djinni Fire Elementalist)       Turns: 2464, Time: 00:05:34

Health: -2/31      AC:  5    Str:  7    XL:     4   Next: 86%
Gold:   59         EV: 11    Int: 18    God:
                   SH:  0    Dex: 13

rFire    + + .     SeeInvis .   f - +1 hand axe (flame)
rCold    x . .     Faith    .   (no shield)
rNeg     . . .     Spirit   .   i - +0 leather armour
rPois    ∞         Reflect  .   l - +0 helmet
rElec    .         Harm     .   g - +0 cloak
rCorr    .         Rampage  .   (no gloves)
Will     .....                  (boots unavailable)
Stlth    ++........             (no amulet)
HPRegen  0.10/turn              (no ring)
MPRegen  0.00/turn              (no ring)

@: flying
A: fire resistance 2, cold vulnerability 1, float, innate caster, hp casting,
extra vitality 1
a: no special abilities


You were on level 2 of the Dungeon.
You visited 1 branch of the dungeon, and saw 2 of its levels.

You collected 59 gold pieces.

Inventory:

Hand Weapons
 f - a +1 hand axe of flaming (weapon)
Missiles
 b - 65 stones
 j - 22 poisoned darts (quivered)
Armour
 g - a +0 cloak (worn)
 i - a +0 leather armour (worn)
 l - a +0 helmet (worn)
Magical Staves
 o - a staff of conjuration
Scrolls
 a - a scroll of fear {unknown}
 c - a scroll of immolation {unknown}
 d - a scroll of enchant armour {unknown}
 e - a scroll of summoning {unknown}
 h - a scroll of magic mapping {unknown}
 n - a scroll of noise {unknown}
 p - 2 scrolls of enchant weapon {unknown}
Potions
 k - 2 potions of mutation {unknown}
 m - 2 potions of haste {unknown}


   Skills:
 - Level 2.1 Dodging
 - Level 1.5 Stealth
 + Level 4.6 Spellcasting


You couldn't memorise any spells.
You knew the following spells:

 Your Spells              Type           Power      Damage    Failure   Level
a - Foxfire               Conj/Fire      80%        2x1d8     3%          1
b - Conjure Flame         Conj/Fire      20%        6-21      10%         3
c - Inner Flame           Hex/Fire       20%        N/A       10%         3
d - Sticky Flame          Conj/Fire      20%        2d4       30%         4
e - Fireball              Conj/Fire      10%        3d6       65%         5
f - Magic Dart            Conj           80%        1d7       3%          1
Your spell library was empty.

Dungeon Overview and Level Annotations

Branches:
Dungeon (2/15)

Altars:

Annotations:
D:2 Robin


Innate Abilities, Weirdness & Mutations

You are immune to poison.
Your flesh is very heat resistant. (rF++)
You are vulnerable to cold. (rC-)
You float through the air rather than walking.
You learn spells naturally, not from books.
Your magical power is your life essence.
You have superior vitality. (+4 HP)


Message History

Robin looks more healthy.
Robin laughs in a distinctly smug fashion.
You closely miss Robin.
Robin is heavily wounded.
Robin hits you with a +0 club.
You hit Robin. You burn Robin.
Robin is heavily wounded.
Robin hits you but does no damage.
Robin roars a battlecry!
You hear a shout! x2
You hit Robin. You burn Robin.
Robin is severely wounded.
The goblin no longer looks unusually strong. x2
Robin drinks a potion.
Robin is healed!
You closely miss Robin. Robin barely misses you.
You barely miss Robin. Robin hits you with a +0 club.
Robin throws the goblin at you! The goblin hits you but does no damage.
You hit the goblin. You burn the goblin.
The goblin is severely wounded.
You hit Robin. You burn Robin.
Robin roars a battlecry!
The goblins go into a battle-frenzy!
The goblin hits you with a +0 club.
* * * LOW HITPOINT WARNING * * *
You hear a shout!
You slash the goblin! You burn the goblin.
You kill the goblin!
You hit Robin. You burn Robin. Robin closely misses you.
Items here: ( ))) †.
A goblin comes into view. It is wielding a +0 club.
Robin throws the goblin at you! The goblin barely misses you.
Robin throws the goblin at you!
* * * LOW HITPOINT WARNING * * *
The goblin no longer looks unusually strong.
The goblin closely misses you. Robin throws the goblin at you!
* * * LOW HITPOINT WARNING * * *
You barely miss the goblin. You closely miss the goblin.
The goblin hits you with a +0 club.
You die...

#.# #.# #.#### #..g.#
####.# #..# #.# #..# #g#
#..# #g# #..# #@# #..#
#g# #..#
################.####..#
...........<...........#
###.##################.#
#.# #.#
#.##################.#
#.#....._..........>.#
#.#.##################


You could see Robin and 3 goblins.

Vanquished Creatures
  A scorpion (D:2)
  A worm (D:2)
  4 bats
  4 endoplasms
  3 giant cockroaches
  7 goblins
  5 hobgoblins
  A jackal (D:2)
  4 kobolds
  3 quokkas (D:2)
  2 ball pythons (D:1)
  3 rats (D:1)
38 creatures vanquished.

Vanquished Creatures (others)
  56 foxfires
56 creatures vanquished.

Grand Total: 94 creatures vanquished

Notes
Turn   | Place    | Note
-------+----------+-------------------------------------------
     0 | D:1      | Nixze the Djinni Fire Elementalist began the quest for the
                  | Orb.
     0 | D:1      | Reached XP level 1. HP: 15/15 MP: 0/0
   279 | D:1      | Reached skill level 3 in Spellcasting
   283 | D:1      | Reached XP level 2. HP: 8/21 MP: 0/0
  1575 | D:2      | Reached XP level 3. HP: 25/25 MP: 0/0
  1575 | D:2      | Learned a level 1 spell: Magic Dart
  2143 | D:2      | Noticed a scorpion
  2157 | D:2      | Killed a scorpion
  2158 | D:2      | Reached skill level 4 in Spellcasting
  2158 | D:2      | Reached XP level 4. HP: 10/31 MP: 0/0
  2373 | D:2      | Found a faded altar of an unknown god.
  2433 | D:2      | Noticed Robin
  2464 | D:2      | Slain by a goblin

Illustrated notes

Levels and vault maps discovered:
D:1:      evilmike_arrival_hilbert_curve, layout_basic
D:2:      minmay_angry_zag, layout_loops_ring, basic_altar,
          basic_ecumenical_altar, minmay_split_cup_small, uniq_robin,
          uniq_sigmund

Skill      XL: |  1  2  3 |
---------------+----------+-----
Spellcasting   | 3 4 |  4.6
Dodging        | |  2.1
Stealth        | |  1.5

Action                   |  1- 3 |  4- 6 || total
-------------------------+-------+-------++-------
Melee: Dagger            |     1 |       ||     1
       Hand axe          |    31 |    12 ||    43
       Staff             |     3 |       ||     3
Throw: Dart              |     9 |     1 ||    10
 Cast: Foxfire           |    36 |       ||    36
       Magic Dart        |     8 |     2 ||    10
Armor: Robe              |     2 |       ||     2
       Leather armour    |    12 |     6 ||    18
Dodge: Dodged            |    32 |     5 ||    37

Table legend: (Time is in decaauts)
 A = Elapsed time spent in this place.
 B = Non-inter-level travel time spent in this place.
 C = Inter-level travel time spent in this place.
 D = Time resting spent in this place.
 E = Time spent auto-exploring this place.
 F = Levels seen in this place.
 G = Mean time per level.
                   A        B        C        D        E       F      G
               +--------+--------+--------+--------+--------+-----+--------+
         Total |   2474 |   2356 |    118 |      0 |   2077 |   2 | 1237.0 |
       Dungeon |   2474 |   2356 |    118 |      0 |   2077 |   2 | 1237.0 |
               +--------+--------+--------+--------+--------+-----+--------+

Top non-repeatable levels by time:
     D:1: 1549 daAuts
     D:2: 925 daAuts
